 Seeded DCSS version 0.31-a0-1576-ga3383bade6 (webtiles) character file.

Game seed: 5147050427435487946 (custom seed)

15558 Hubris850 the Cruncher (level 12, -1/72 HPs)
             Began as a Kobold Hunter on Jan 4, 2024.
             Was a Priest of Dithmenos.
             Slain by a four-headed hydra (7 damage)
             ... on level 3 of the Lair of Beasts.
             The game lasted 00:28:57 (11005 turns).

Hubris850 the Cruncher (Kobold Hunter)             Turns: 11005, Time: 00:28:58

Health: -1/72      AC: 14    Str: 11    XL:     12   Next: 59%
Magic:  14/14      EV: 22    Int: 12    God:    Dithmenos [***...]
Gold:   452        SH:  5    Dex: 22    Spells: 11/11 levels left

rFire   . . .        b - +9 staff of Olgreb {rPois∞}
rCold   . . .        (shield currently unavailable)
rNeg    + . .        J - +3 leather armour {rN+}
rPois   ∞            K - +1 helmet
rElec   .            C - +0 cloak
rCorr   .            n - +0 pair of gloves {Str+3}
SInv    .            (no boots)
Will    .....        p - amulet of reflection
Stlth   +++++++      i - +4 ring of protection
HPRegen 0.32/turn    e - ring of wizardry
MPRegen 0.14/turn

%: reflection, wizardry (x1)
@: wreathed by umbra, studying 2 skills
A: small, no large weapons, nightstalker 3
a: Renounce Religion, Evoke the Staff of Olgreb, Shadow Step


You were on level 3 of the Lair of Beasts.
You worshipped Dithmenos.
Dithmenos was most pleased with you.
You visited 3 branches of the dungeon, and saw 12 of its levels.
You also visited: Sewer.

You collected 662 gold pieces.
You spent 210 gold pieces at shops.

Inventory:

Hand Weapons
 a - a +0 shortbow
 b - the +9 staff of Olgreb (weapon) {rPois∞}
   (You acquired it on level 2 of the Dungeon)

   Radiate:   It can be activated via the 'a'bility menu to radiate toxic
   energy, with effectiveness depending on Evocations skill.
   Alch:      It enhances your alchemy magic.
   rPois∞: It grants immunity to poison.
 y - a +4 quarterstaff of chaos
 H - a +6 antimagic sling
Missiles
 D - 6 poisoned darts
Armour
 c - a +1 leather armour
 n - a +0 pair of gloves of strength (worn)
 u - a +2 robe of positive energy
 C - a +0 cloak (worn)
 I - +0 steam dragon scales
 J - a +3 leather armour of positive energy (worn)
 K - a +1 helmet (worn)
Magical Staves
 L - a staff of alchemy
Jewellery
 e - a ring of wizardry (right hand)
 i - a +4 ring of protection (left hand)
 p - an amulet of reflection (around neck)
 O - a ring of poison resistance
 Q - a ring of protection from cold
Talismans
 S - a maw talisman
Wands
 s - a wand of polymorph (8)
 w - a wand of iceblast (28)
 E - a wand of flame (48)
 G - a wand of paralysis (7)
 N - a wand of digging (2)
Scrolls
 d - 2 scrolls of butterflies
 h - 3 scrolls of blinking
 l - 3 scrolls of amnesia
 q - 4 scrolls of teleportation
 t - 2 scrolls of torment
 v - 2 scrolls of enchant armour
 M - a scroll of identify
 R - a scroll of immolation {unknown}
Potions
 f - 3 potions of degeneration
 g - 2 potions of resistance
 j - 2 potions of attraction
 k - 10 potions of curing
 m - 3 potions of might
 o - 4 potions of brilliance
 x - a potion of ambrosia
 z - a potion of cancellation
 A - 2 potions of magic
 B - 3 potions of enlightenment {unknown}
 F - 3 potions of mutation {unknown}
 P - a potion of invisibility {unknown}
Miscellaneous
 r - a lightning rod (4/4)


   Skills:
 + Level 7.2 Fighting
 + Level 12.5 Staves
 - Level 6.9 Ranged Weapons
 - Level 10.0 Dodging
 + Level 9.8 Stealth
 + Level 2.8 Invocations
 - Level 12.0 Evocations


You had 11 spell levels left.
You didn't know any spells.
Your spell library contained the following spells:

 Spells                   Type           Power      Damage    Failure   Level
 Magic Dart               Conj           0%         1d3       17%         1
 Ensorcelled Hibernation  Hex/Ice        0%         N/A       26%         2
 Jinxbite                 Hex            0%         N/A       26%         2
 Searing Ray              Conj           0%         2d4       26%         2
 Static Discharge         Conj/Air       0%         3-3/arc   26%         2
 Dazzling Flash           Conj/Hex       0%         N/A       45%         3
 Fugue of the Fallen      Necr           0%         N/A       45%         3
 Gell's Gravitas          Tloc           0%         N/A       45%         3
 Inner Flame              Hex/Fire       0%         N/A       45%         3
 Teleport Other           Tloc           0%         N/A       45%         3
 Volatile Blastmotes      Fire/Tloc      0%         2d10      45%         3
 Airstrike                Air            0%         2d(0-16)  83%         4
 Anguish                  Hex/Necr       0%         N/A       83%         4
 Flame Wave               Conj/Fire      0%         2d4       83%         4
 Fulminant Prism          Conj/Alch      0%         3d5       83%         4
 Sticky Flame             Fire/Alch      0%         2d4       83%         4
 Summon Lightning Spire   Summ/Air       0%         N/A       83%         4
 Yara's Violent Unravell  Hex/Alch       0%         3d3       99%         5
 Dispersal                Tloc           0%         N/A       100%        6
 Starburst                Conj/Fire      0%         6d3       100%        6
 Enfeeble                 Hex            0%         N/A       100%        7
 Maxwell's Capacitive Co  Air            0%         ∞         100%        8


Dungeon Overview and Level Annotations

Branches:
Dungeon (8/15)             Temple (1/1) D:4            Lair (3/5) D:8
  Snake (0/4) Lair:3        Sewer (visited)
  Swamp: Lair:2-3    Shoals: Lair:2-3

Altars:
Ashenzari
Cheibriados
Dithmenos
Elyvilon
Fedhas
Gozag
Hepliaklqana
Kikubaaqudgha
Makhleb
Nemelex Xobeh
Okawaru
Qazlal
Ru
Sif Muna
Trog
Uskayaw
Vehumet
Wu Jian
Xom
Yredelemnul
Zin
The Shining One

Shops:
D:5 *([

Annotations:
D:5 1 runed translucent door


Innate Abilities, Weirdness & Mutations

You are small and have problems with some larger weapons.
You are completely attuned to the shadows.


Message History

You kill the water moccasin!
Dithmenos accepts your kill. The four-headed hydra bites you! x2
You block the four-headed hydra's attack.
The four-headed hydra bites you!
You hit the four-headed hydra but do no damage.
You envenom the four-headed hydra.
The four-headed hydra is poisoned.
The four-headed hydra is lightly wounded.
You sock the four-headed hydra!
The four-headed hydra is lightly wounded.
The four-headed hydra barely misses you.
The four-headed hydra misses you.
The four-headed hydra bites you but does no damage.
The four-headed hydra bites you!
You are too injured to fight recklessly!
You are too injured to fight recklessly!
You are too injured to fight recklessly!
You are too injured to fight recklessly!
You hit the four-headed hydra.
You envenom the four-headed hydra!
The four-headed hydra looks even sicker.
The four-headed hydra is moderately wounded.
The four-headed hydra bites you! The four-headed hydra bites you.
* * * LOW HITPOINT WARNING * * *
The four-headed hydra misses you. The four-headed hydra bites you!
* * * LOW HITPOINT WARNING * * *
You sock the four-headed hydra!
The four-headed hydra is heavily wounded.
You sock the four-headed hydra!
You envenom the four-headed hydra.
The four-headed hydra looks even sicker.
The four-headed hydra is heavily wounded.
The four-headed hydra barely misses you.
The four-headed hydra completely misses you.
You block the four-headed hydra's attack.
The four-headed hydra closely misses you.
You thump the four-headed hydra!
The four-headed hydra is severely wounded.
You completely miss the four-headed hydra.
The four-headed hydra is severely wounded.
The four-headed hydra bites you!
You die...

##.......
##'..#
####
#........
##..### #
###..#..#
##..## #
..........
##P.### #
..........
###.......
#
P.........
#.#......P
#
#...>.....
..........
#
..........
#?#.......
#
#....P.###
##.†@....
#~
###.†###
#P.D.....
## #....#
.........
##...##
.#.##....
#....# ##
...#
##...#
####....#
.##.P.(##
..†......


You could see a four-headed hydra (very poisoned).

Vanquished Creatures
  A two-headed ogre (D:8)
  An oklob plant (Lair:3)
  Maurice (D:7)
  3 black mambas
  5 cane toads
  A gargoyle (D:6)
  Joseph (D:7)
  5 komodo dragons
  The ghost of zenocrate the Sneak, a novice VSEn of Gozag (D:5)
  8 blink frogs (Lair:1)
  Prince Ribbit (D:7)
  21 yaks
  3 basilisks
  3 steam dragons
  Menkaure (D:5)
  9 water moccasins
  A sky beast (D:7)
  2 ice beasts
  2 black bears
  2 ogres (D:5)
  5 wolves (Lair:1)
  2 centaurs
  A kobold brigand (D:6)
  2 phantoms
  Blork the orc (D:4)
  5 bullfrogs
  2 scorpions (D:6)
  4 wights (D:7)
  6 killer bees (D:4)
  4 howler monkeys
  An electric eel (Lair:1)
  4 bombardier beetles
  A jelly (D:6)
  Crazy Yiuf (D:5)
  9 hounds
  A sleepcap (D:6)
  3 iguanas
  3 orc wizards
  Robin (D:4)
  4 gnolls
  8 adders
  2 river rats (D:5)
  A white imp (D:5)
  4 dart slugs
  A ribbon worm (D:5)
  13 orcs
  11 ball pythons
  7 bats
  3 endoplasms
  10 giant cockroaches
  14 goblins
  8 hobgoblins
  3 jackals
  5 kobolds
  6 quokkas
  7 frilled lizards
  4 rats
239 creatures vanquished.

Notes
Turn   | Place    | Note
-------+----------+-------------------------------------------
     0 | D:1      | Hubris850 the Kobold Hunter began the quest for the Orb.
     0 | D:1      | Reached XP level 1. HP: 12/12 MP: 1/1
    80 | D:1      | Reached XP level 2. HP: 17/17 MP: 2/2
   188 | D:1      | Found a faded altar of an unknown god.
   519 | D:1      | Reached XP level 3. HP: 21/21 MP: 3/3
  1049 | D:2      | Identified a scroll of acquirement
  1049 | D:2      | Acquired the +9 staff of Olgreb {rPois∞}
  1049 | D:2      | Found the +9 staff of Olgreb {rPois∞}
  1212 | D:2      | Reached XP level 4. HP: 26/26 MP: 4/4
  2120 | D:3      | Found a white marble altar of Elyvilon.
  2438 | D:3      | Found a glowing drain.
  2444 | Sewer    | Entered a sewer
  2620 | Sewer    | Reached XP level 5. HP: 30/30 MP: 0/5
  3106 | Sewer    | Noticed a bullfrog
  3135 | Sewer    | Killed a bullfrog
  3136 | Sewer    | Reached XP level 6. HP: 33/35 MP: 0/6
  3355 | D:3      | Found a basalt altar of Yredelemnul.
  3991 | D:4      | Reached skill level 1 in Evocations
  4054 | D:4      | Reached skill level 1 in Staves
  4072 | D:4      | Noticed Blork the orc
  4080 | D:4      | Killed Blork the orc
  4081 | D:4      | Reached skill level 5 in Dodging
  4183 | D:4      | Reached XP level 7. HP: 40/40 MP: 2/7
  4457 | D:4      | Noticed Robin
  4460 | D:4      | Reached XP level 8. HP: 44/44 MP: 3/8
  4465 | D:4      | Killed Robin
  4541 | D:4      | Found a staircase to the Ecumenical Temple.
  4574 | Temple   | Entered the Ecumenical Temple
  4605 | Temple   | Became a worshipper of Dithmenos the Shadowed
  4826 | D:5      | Entered Level 5 of the Dungeon
  4840 | D:5      | Found a runed translucent door.
  4928 | D:5      | Noticed Menkaure
  4933 | D:5      | Killed Menkaure
  4934 | D:5      | Reached skill level 5 in Evocations
  5002 | D:5      | Found a runed translucent door.
  5017 | D:5      | Noticed zenocrate's ghost (novice VSEn)
  5051 | D:5      | Found Povetuciless's General Store.
  5063 | D:5      | Found Siok's Antique Weapon Shop.
  5133 | D:5      | Found Qoas's Antique Armour Emporium.
  5138 | D:5      | Bought a pair of embroidered gloves for 210 gold pieces
  5284 | D:5      | Reached XP level 9. HP: 48/48 MP: 9/9
  5326 | D:5      | Found a runed translucent door.
  5329 | D:5      | Noticed Crazy Yiuf
  5334 | D:5      | Killed Crazy Yiuf
  5473 | D:5      | Killed zenocrate's ghost
  5474 | D:5      | Reached skill level 5 in Staves
  5614 | D:6      | Reached * piety under Dithmenos
  5667 | D:6      | Noticed a gargoyle
  5678 | D:6      | Killed a gargoyle
  5990 | D:6      | Identified the +0 plate armour "Umecyir" {rN+ Int+2}
  6198 | D:6      | Found a bloodstained altar of Trog.
  6199 | D:6      | Found a burning altar of Makhleb.
  6200 | D:6      | Found a shimmering altar of Xom.
  6202 | D:6      | Found a shimmering blue altar of Sif Muna.
  6203 | D:6      | Found an opulent altar of Gozag.
  6203 | D:6      | Found a sparkling altar of Nemelex Xobeh.
  6203 | D:6      | Found a stormy altar of Qazlal.
  6203 | D:6      | Found a glowing golden altar of the Shining One.
  6204 | D:6      | Found an iron altar of Okawaru.
  6205 | D:6      | Found an ornate altar of the Wu Jian Council.
  6416 | D:7      | Noticed Maurice
  6422 | D:7      | Reached XP level 10. HP: 52/53 MP: 10/10
  6426 | D:7      | Killed Maurice
  6939 | D:7      | Noticed Prince Ribbit
  6943 | D:7      | Killed Prince Ribbit
  6944 | D:7      | Reached skill level 10 in Evocations
  7084 | D:7      | Noticed Joseph
  7092 | D:7      | Killed Joseph
  7458 | D:8      | Noticed a two-headed ogre
  7468 | D:8      | Killed a two-headed ogre
  7469 | D:8      | Reached skill level 10 in Staves
  7916 | D:8      | Found a staircase to the Lair.
  7917 | D:8      | Noticed a komodo dragon
  7928 | D:8      | Killed a komodo dragon
  7929 | D:8      | Reached XP level 11. HP: 57/57 MP: 7/11
  8191 | Lair:1   | Entered Level 1 of the Lair of Beasts
  8255 | Lair:1   | Reached ** piety under Dithmenos
  8328 | Lair:1   | Found a basalt altar of Yredelemnul.
  8587 | Lair:1   | Reached skill level 5 in Stealth
  8977 | Lair:1   | Reached skill level 5 in Fighting
  9455 | Lair:2   | Reached XP level 12. HP: 44/68 MP: 7/12
  9479 | Lair:2   | Reached skill level 10 in Dodging
  9897 | Lair:2   | Reached *** piety under Dithmenos
 10000 | Lair:2   | Reached skill level 1 in Invocations
 10808 | Lair:3   | Found a staircase to the Snake Pit.
 10990 | Lair:3   | Noticed a four-headed hydra
 11005 | Lair:3   | Slain by a four-headed hydra

Illustrated notes

Levels and vault maps discovered:
D:1:      wheals_arrival_linesprint, layout_rooms,
          hellmonk_ecumenical_altar_dog_temple, hangedman_abyss_or_decor_stabs,
          kennysheep_decorative_pillar
D:2:      wad_crossroads, layout_basic, nicolae_figureground_pulse
D:3:      layout_basic, kennysheep_ying_yang, portal_sewer_entry_d
D:4:      layout_rooms, minmay_temple_entry_tees, hex_intersection, uniq_robin,
          uniq_blork_the_orc
D:5:      layout_rooms, ebering_ghost_sewer_f, serial_shops,
          nicolae_shop_dealshenge, shop, shop, uniq_menkaure,
          uniq_crazy_yiuf_cottage
D:6:      layout_rooms, minitemple, minmay_manual_mess
D:7:      layout_rooms, uniq_maurice, uniq_prince_ribbit1, uniq_joseph
D:8:      layout_basic, david_lair_shrubbed
Temple:   hellmonk_temple_micro_hex
Lair:1:   layout_loops_ring, basic_altar, grunt_megastairs_5,
          infiniplex_staircase_pool
Lair:2:   layout_long_grid
Lair:3:   layout_roguey, nicolae_swamp_entry_spooky,
          minmay_snake_entry_six_corridors, chequers_serial_rivers_small_3

Skill      XL: |  1  2  3  4  5  6  7  8  9 10 11 12 |
---------------+-------------------------------------+-----
Stealth        | 2 3 4 7 9 |  9.8
Dodging        | 3 4 5 6 7 8 9 10 | 10.0
Ranged Weapons | 6 |  6.9
Evocations     | 2 3 5 8 11 12 | 12.0
Staves         | 1 2 4 7 10 12 | 12.5
Fighting       | 5 7 |  7.2
Invocations    | 2 |  2.8

Action                     |  1- 3 |  4- 6 |  7- 9 | 10-12 || total
---------------------------+-------+-------+-------+-------++-------
  Melee: Staff             |       |    19 |   161 |   260 ||   440
   Fire: Shortbow          |    66 |    20 |       |       ||    86
Ability: Evoke the Staff o |       |    26 |     8 |    24 ||    58
  Evoke: Lightning rod     |       |       |     3 |     1 ||     4
    Use: Scroll            |     6 |     2 |     8 |     2 ||    18
         Potion            |       |       |       |     1 ||     1
   Stab: Sleeping          |       |     4 |    19 |    12 ||    35
         Distracted        |       |       |       |     5 ||     5
 Armour: Leather armour    |    10 |    12 |       |    57 ||    79
         Robe              |       |       |    64 |     8 ||    72
         Steam dragon scal |       |       |       |     3 ||     3
         Skin              |       |       |       |     3 ||     3
  Dodge: Dodged            |    24 |    22 |   142 |   127 ||   315
  Block: Other             |       |       |       |    13 ||    13

Table legend: (Time is in decaauts)
 A = Elapsed time spent in this place.
 B = Non-inter-level travel time spent in this place.
 C = Inter-level travel time spent in this place.
 D = Time resting spent in this place.
 E = Time spent auto-exploring this place.
 F = Levels seen in this place.
 G = Mean time per level.
                   A        B        C        D        E       F      G
               +--------+--------+--------+--------+--------+-----+--------+
         Total |  10974 |  10702 |    272 |   1057 |   8035 |  13 |  844.2 |
       Dungeon |   7375 |   7141 |    234 |    496 |   5511 |   8 |  921.9 |
        Temple |     36 |     31 |      5 |      0 |      0 |   1 |   36.0 |
          Lair |   2745 |   2712 |     33 |    368 |   2042 |   3 |  915.0 |
         Sewer |    816 |    816 |      0 |    193 |    482 |   1 |  816.0 |
               +--------+--------+--------+--------+--------+-----+--------+

Top non-repeatable levels by time:
     D:2: 1341 daAuts
  Lair:1: 1215 daAuts
     D:3: 1112 daAuts
  Lair:2: 1057 daAuts
     D:8: 905 daAuts
     D:7: 854 daAuts
     D:6: 852 daAuts
     D:4: 848 daAuts
   Sewer: 816 daAuts
     D:5: 732 daAuts
     D:1: 729 daAuts
  Lair:3: 472 daAuts
  Temple: 36 daAuts
